[Event "European School-ch 2019"]
[Site "Mamaia"]
[Date "2019.06.03"]
[Round "4.11"]
[White "Vilcu, Matei-Stefan"]
[Black "Padurariu, Mihai-Edward"]
[Result "0-1"]
[ECO "C14"]
[WhiteElo "1991"]
[BlackElo "2090"]
[Annotator "NA"]
[PlyCount "98"]
[EventDate "2019.05.31"]
[EventType "swiss"]
[EventCountry "ROU"]
[SourceTitle "playchess.com"]
[Source "ChessBase"]
[SourceQuality "1"]
[TimeControl "40/5400+30:1800+30"]

1. e4 e6 2. d4 d5 3. Nc3 Nf6 4. Bg5 Be7 5. e5 Nfd7 6. Bxe7 Qxe7 7. f4 a6 8. Nf3 c5 9. dxc5 Nxc5 10. Bd3 b5 $11 11. Qd2 Bb7 12. Ne2 Nbd7 13. Ned4 Ne4 14. Qe2 Ndc5 15. O-O O-O 16. Kh1 f6 17. exf6 Rxf6 18. Bxe4 Nxe4 19. Nd2 Raf8 20. Nxe4 dxe4 21. Qe3 e5 22. Ne2 exf4 23. Rxf4 Rxf4 24. Nxf4 Qe5 25. Nd3 Qf6 26. Nc5 Bc6 27. Kg1 Kh8 28. c3 a5 29. Rd1 b4 30. Nb3 bxc3 31. bxc3 a4 32. Nd4 Bd5 33. Qe2 Qf7 34. Rf1 Qxf1+ 35. Qxf1 Rxf1+ 36. Kxf1 Bxa2 37. Ke2 Bc4+ 38. Ke3 Bd3 39. c4 Bxc4 40. Kxe4 a3 41. Nc2 a2 42. g4 Kg8 43. h4 Kf7 44. Ke5 Bb3 45. Na1 Bd1 46. Kf5 g6+ 47. Kg5 Kg7 48. h5 h6+ 49. Kh4 g5+ 0-1

[Event "European School-ch 2019"]
[Site "Mamaia"]
[Date "2019.06.03"]
[Round "4.12"]
[White "Simonyan, Grigori"]
[Black "Silich, Yahor"]
[Result "0-1"]
[ECO "B30"]
[WhiteElo "2019"]
[BlackElo "2082"]
[Annotator "NA"]
[PlyCount "48"]
[EventDate "2019.05.31"]
[EventType "swiss"]
[EventCountry "ROU"]
[SourceTitle "playchess.com"]
[Source "ChessBase"]
[SourceQuality "1"]
[TimeControl "40/5400+30:1800+30"]

1. e4 c5 2. Nf3 Nc6 3. Bb5 Nf6 4. Bxc6 dxc6 5. d3 Nd7 6. O-O e5 7. Be3 Bd6 8. Nc3 Nf8 9. Nd2 Ne6 10. Nc4 $11 Bc7 11. a4 a5 12. Ne2 Nf4 13. Nxf4 exf4 14. Bxc5 b6 15. Ba3 b5 16. axb5 cxb5 17. Nd2 Ra6 18. Bc5 Rg6 19. d4 Bh3 20. Qe2 Rxg2+ 21. Kh1 Rxh2+ 22. Kxh2 f3+ 23. Kxh3 Qd7+ 24. Kh4 g5+ 0-1

[Event "European School-ch 2019"]
[Site "Mamaia"]
[Date "2019.06.03"]
[Round "4.13"]
[White "Levin, Guy"]
[Black "Nastore, Pavel-Alexandru"]
[Result "0-1"]
[ECO "A37"]
[WhiteElo "2054"]
[BlackElo "1942"]
[Annotator "NA"]
[PlyCount "110"]
[EventDate "2019.05.31"]
[EventType "swiss"]
[EventCountry "ROU"]
[SourceTitle "playchess.com"]
[Source "ChessBase"]
[SourceQuality "1"]
[TimeControl "40/5400+30:1800+30"]

1. Nf3 c5 2. g3 Nc6 3. Bg2 g6 4. c4 Bg7 5. Nc3 e6 6. O-O Nge7 7. d4 cxd4 8. Nb5 d5 9. c5 (9. cxd5 $11 {remains equal.} Nxd5 10. Nfxd4) 9... Nf5 10. g4 {[%emt 0:01:49] [#]} (10. Bg5 $17 {keeps fighting.} f6 11. Bd2) 10... a6 $17 11. gxf5 axb5 12. fxe6 fxe6 13. Qb3 b4 14. e4 dxe3 15. Bxe3 O-O 16. Rfd1 h6 17. Nd4 Qh4 18. Qd3 Ne5 19. Qe2 Bd7 20. b3 Rf7 21. Rac1 Raf8 22. f4 Ng4 23. Nf3 Qe7 24. Bd2 e5 25. fxe5 Nxe5 26. Nxe5 Bxe5 27. Re1 Re8 28. Kh1 Bc6 29. Qg4 Kh7 30. Rf1 Ref8 31. Rxf7+ Rxf7 32. Re1 Qc7 33. Qh3 h5 34. Qe3 Bf4 35. Qd3 Bxh2 36. Re6 Qg3 37. Qd4 Qc7 38. Bxb4 Rf4 39. Qe3 Rf1+ 40. Bxf1 d4+ 41. Qe4 Bxe4+ 42. Rxe4 Be5 43. Bd3 Qf7 44. Kg2 Qf6 45. Be1 Qg5+ 46. Kf3 Qg1 47. b4 Kg7 48. b5 g5 49. c6 Qh2 50. Re2 Qh1+ 51. Kf2 g4 52. Re4 Kf6 53. cxb7 Bg3+ 54. Kxg3 Qg1+ 55. Kf4 Qh2+ 0-1

[Event "European School-ch 2019"]
[Site "Mamaia"]
[Date "2019.06.03"]
[Round "4.14"]
[White "Dobre, Radu-Fabian"]
[Black "Kanli, Alperen"]
[Result "1/2-1/2"]
[ECO "B13"]
[WhiteElo "1978"]
[BlackElo "1790"]
[Annotator "NA"]
[PlyCount "51"]
[EventDate "2019.05.31"]
[EventType "swiss"]
[EventCountry "ROU"]
[SourceTitle "playchess.com"]
[Source "ChessBase"]
[SourceQuality "1"]
[TimeControl "40/5400+30:1800+30"]

1. e4 c6 2. d4 d5 3. exd5 cxd5 4. Bd3 Nc6 5. c3 Nf6 6. Bf4 Bg4 7. Qb3 e5 8. dxe5 Nh5 9. Be3 Nxe5 10. Bb5+ Nc6 11. Be2 Nf6 12. Nd2 $11 Qd7 13. Ngf3 Bd6 14. O-O O-O 15. Rfe1 Be6 16. Qa4 Ng4 17. Nf1 Nxe3 18. Nxe3 Bc5 19. Bf1 Rfd8 20. Qh4 Be7 21. Qh5 g6 22. Qh6 Bf8 23. Qh4 Qe7 24. Qxe7 Bxe7 25. Nc2 Bf6 26. Rad1 1/2-1/2

[Event "European School-ch 2019"]
[Site "Mamaia"]
[Date "2019.06.03"]
[Round "4.15"]
[White "Creanga, Robert-Ionut"]
[Black "Andreev, Konstantin"]
[Result "1/2-1/2"]
[ECO "D35"]
[WhiteElo "2128"]
[BlackElo "2276"]
[Annotator "ChessBase"]
[PlyCount "102"]
[EventDate "2019.05.31"]
[EventType "swiss"]
[EventCountry "ROU"]
[SourceTitle "playchess.com"]
[Source "ChessBase"]
[SourceQuality "1"]
[TimeControl "40/5400+30:1800+30"]

1. d4 d5 2. c4 e6 3. Nc3 Nf6 4. cxd5 exd5 5. Bg5 c6 6. e3 Be7 7. Bd3 O-O 8. Qc2 Nbd7 9. Nf3 Re8 10. O-O h6 11. Bh4 Ne4 12. Bxe7 Qxe7 13. Bxe4 dxe4 14. Nd2 f5 15. a3 Nf6 16. Ne2 g5 17. b4 Be6 18. Qb2 Bf7 19. Rfe1 Nd5 20. Nc3 Qf6 21. a4 Bg6 22. Nc4 f4 23. Nxd5 cxd5 24. Ne5 f3 25. g4 h5 26. gxh5 Bf5 27. Kh1 Qh6 28. Rg1 Bh3 29. Ng4 Bg2+ 30. Rxg2 fxg2+ 31. Kxg2 Qe6 32. h3 Rac8 33. Kh2 Rf8 34. Rg1 Rf3 35. Rc1 Rcf8 36. Qe2 a6 37. Kg2 Qe8 38. Qa2 Qe6 39. Qe2 Kh8 40. h6 Qe8 41. Qc2 Qh5 42. Rh1 Qf7 43. a5 Kh7 44. Qd2 Qg6 45. Qc2 Qf7 46. Qd2 Qc7 47. Rc1 Qd7 48. Qc2 R3f7 49. Qa2 Rf3 50. Qc2 R3f7 51. Qa2 Rf3 1/2-1/2

[Event "European School-ch 2019"]
[Site "Mamaia"]
[Date "2019.06.03"]
[Round "4.16"]
[White "Sustov, Savva"]
[Black "Tashev, Aleksandar"]
[Result "0-1"]
[ECO "B46"]
[WhiteElo "1693"]
[BlackElo "2119"]
[Annotator "ChessBase"]
[PlyCount "108"]
[EventDate "2019.05.31"]
[EventType "swiss"]
[EventCountry "ROU"]
[SourceTitle "playchess.com"]
[Source "ChessBase"]
[SourceQuality "1"]
[TimeControl "40/5400+30:1800+30"]

1. e4 c5 2. Nf3 e6 3. d4 cxd4 4. Nxd4 Nc6 5. Nc3 a6 6. Be2 Qc7 7. O-O b5 8. Kh1 Nf6 9. f4 b4 10. e5 bxc3 11. exf6 gxf6 12. bxc3 Bb7 13. Bf3 Na5 14. Nb3 Nc4 15. Bxb7 Qxb7 16. Qe2 Rc8 17. Nd2 Nd6 18. Ba3 Nb5 19. Bb2 Ba3 20. Bxa3 Nxa3 21. Ne4 Ke7 22. f5 e5 23. Rfd1 d5 24. Qd3 Rhd8 25. Ng3 Rd7 26. Nh5 Rg8 27. Ng3 Rc8 28. Ne2 Qb6 29. Rf1 Qb5 30. Qxb5 Nxb5 31. a4 Nxc3 32. Nxc3 Rxc3 33. Ra2 Rdc7 34. Rf2 Kd6 35. g3 R3c4 36. Kg2 R7c5 37. a5 Rb5 38. Rf3 e4 39. Rf4 Rcc5 40. Rh4 Rxa5 41. Rxa5 Rxa5 42. Rxh7 Ra2 43. Rxf7 Rxc2+ 44. Kg1 Ke5 45. g4 e3 46. Rb7 Kf4 47. Rb1 Kxg4 48. Rd1 Rd2 49. Re1 Kf3 50. Rf1+ Rf2 51. Re1 d4 52. h4 d3 53. h5 e2 54. h6 d2 0-1

[Event "European School-ch 2019"]
[Site "Mamaia"]
[Date "2019.06.03"]
[Round "4.17"]
[White "Pancewicz, Szymon"]
[Black "Tarhan, Adar"]
[Result "0-1"]
[ECO "C54"]
[WhiteElo "1724"]
[BlackElo "1964"]
[Annotator "NA"]
[PlyCount "68"]
[EventDate "2019.05.31"]
[EventType "swiss"]
[EventCountry "ROU"]
[SourceTitle "playchess.com"]
[Source "ChessBase"]
[SourceQuality "1"]
[TimeControl "40/5400+30:1800+30"]

1. e4 e5 2. Nf3 Nc6 3. Bc4 Bc5 4. c3 Nf6 5. d4 exd4 6. e5 d5 7. Bb5 Ne4 8. cxd4 Bb6 9. Nc3 O-O 10. Be3 Bg4 $11 11. h3 Bf5 12. O-O Ne7 13. Nh4 Be6 14. f4 Ng3 15. Rf3 Nef5 16. Nxf5 Nxf5 17. Bf2 c6 18. Ba4 Nh4 19. Rd3 Ng6 20. Ne2 f6 21. Bc2 fxe5 22. fxe5 Nxe5 23. Re3 Qf6 24. Bg3 Nc4 25. Rf3 Qe7 26. Qd3 g6 27. Nf4 Bf5 28. Qd1 Nxb2 29. Qc1 Nc4 30. Bxf5 Bxd4+ 31. Kh2 Rxf5 32. Rb1 Be5 33. Rfb3 Qg5 34. h4 Qxf4 0-1

[Event "European School-ch 2019"]
[Site "Mamaia"]
[Date "2019.06.03"]
[Round "4.18"]
[White "Baranciuc, Alexandr"]
[Black "Larichev, Prokhor"]
[Result "1-0"]
[ECO "B23"]
[WhiteElo "1900"]
[BlackElo "1764"]
[Annotator "NA"]
[PlyCount "79"]
[EventDate "2019.05.31"]
[EventType "swiss"]
[EventCountry "ROU"]
[SourceTitle "playchess.com"]
[Source "ChessBase"]
[SourceQuality "1"]
[TimeControl "40/5400+30:1800+30"]

1. e4 c5 2. Nc3 e6 3. g3 Nc6 4. Bg2 Nge7 5. d3 d6 6. f4 g6 7. Nf3 Bg7 8. O-O O-O 9. Be3 Nd4 10. Bf2 Nec6 11. Nxd4 Nxd4 12. Rb1 Bd7 13. Ne2 $11 Nxe2+ 14. Qxe2 Qa5 15. a3 Bc6 16. h4 Rae8 17. h5 f5 18. hxg6 hxg6 19. b4 Qxa3 20. bxc5 dxc5 21. e5 Bxg2 22. Kxg2 b6 23. Ra1 Qc3 24. Rfb1 Rb8 25. Rxa7 Rf7 26. Ra4 c4 27. Rxc4 Qa5 28. Qf3 Rfb7 29. Qc6 Qd5+ 30. Qxd5 exd5 31. Rc6 b5 32. Rxg6 Kf7 33. Rd6 Ra8 34. Rxd5 Ra2 35. Rdxb5 Rxb5 36. Rxb5 Rxc2 37. d4 Rd2 38. d5 Ke7 39. Rb7+ Kf8 40. d6 1-0

[Event "European School-ch 2019"]
[Site "Mamaia"]
[Date "2019.06.03"]
[Round "4.19"]
[White "Durak, Can"]
[Black "Samunenkov, Ihor"]
[Result "1-0"]
[ECO "A70"]
[WhiteElo "1646"]
[BlackElo "1972"]
[Annotator "NA RC"]
[PlyCount "129"]
[EventDate "2019.05.31"]
[EventType "swiss"]
[EventCountry "ROU"]
[SourceTitle "playchess.com"]
[Source "ChessBase"]
[SourceQuality "1"]
[TimeControl "40/5400+30:1800+30"]

1. d4 Nf6 2. c4 c5 3. d5 e6 4. Nc3 exd5 5. cxd5 d6 6. e4 g6 7. Nf3 Bg7 8. Bd3 O-O 9. O-O Bg4 10. Bf4 a6 11. a4 (11. h3 $5 Bxf3 12. Qxf3 $14) 11... Qe7 12. h3 Bxf3 13. Qxf3 Nbd7 14. Qg3 {[%emt 0:02:12] A70: Modern Benoni: 6 e4 g6 7 Nf3} Ne5 (14... Ne8 15. Rad1 Ne5 16. Be2 Nc7 17. Rfe1 b5 18. axb5 axb5 19. Nxb5 Nxb5 20. Bxb5 Rab8 21. Bf1 Rxb2 {½-½ (42) Kolay,A (2270)-Eswaran,A (2227) Charlotte 2019}) 15. Bxe5 dxe5 16. Rfd1 $146 ({Predecessor:} 16. Qe3 b6 17. Qe2 Nh5 18. g3 Qg5 19. h4 Qe7 20. Bxa6 f5 21. Bc4 Kh8 22. exf5 Rxf5 {1-0 (43) Ozeran,V (2059)-Niegsch,N (1986) Magdeburg 2013}) 16... Ne8 17. Qe3 Rc8 18. Rac1 Nd6 19. b3 f5 20. f3 Bf6 21. Qe2 Bg5 22. Rc2 Bf4 23. Kh1 Qh4 24. Qe1 Bg3 25. Qe2 f4 26. Qf1 g5 27. Ne2 h5 28. Rdc1 g4 29. Ng1 Qe7 30. Rc3 a5 31. Qe2 gxh3 32. Nxh3 b6 33. Bb5 Rc7 34. Rb1 Ra7 35. Bc6 Qh4 36. Rc2 Rd8 37. Rd2 Kf8 38. Qd3 Kg8 39. Qe2 Kg7 40. Qd3 Kf6 41. Kg1 Rg8 42. Kf1 Bh2 43. Qe2 Rag7 44. Qf2 Rg3 45. Bd7 Ke7 46. Be6 R8g7 47. Rbb2 Qf6 48. Qe1 Qf8 49. Qb1 Nb7 50. Qd3 Nd6 51. Qa6 Qb8 52. Rdc2 Kf6 53. Qd3 Ke7 {[%emt 0:01:29] [#]} 54. Rd2 $2 (54. Nxf4 $1 $18 exf4 55. e5) 54... Qc7 55. Nxf4 (55. Rbc2 $14) 55... exf4 $4 (55... c4 $17 {stays on course.} 56. bxc4 Qc5) 56. e5 h4 57. exd6+ Kxd6 58. Qe4 R3g5 59. Re2 Re7 $18 60. Rb1 Qd8 61. Qc4 Qh8 62. Qb5 Kc7 63. d6+ Kb7 64. dxe7 Qd4 65. Qd7+ 1-0

[Event "European School-ch 2019"]
[Site "Mamaia"]
[Date "2019.06.03"]
[Round "4.20"]
[White "Gurel, Ediz"]
[Black "Celik, Hasan Huseyin"]
[Result "1-0"]
[ECO "C15"]
[WhiteElo "1914"]
[BlackElo "1727"]
[Annotator "NA"]
[PlyCount "63"]
[EventDate "2019.05.31"]
[EventType "swiss"]
[EventCountry "ROU"]
[SourceTitle "playchess.com"]
[Source "ChessBase"]
[SourceQuality "1"]
[TimeControl "40/5400+30:1800+30"]

1. e4 e6 2. d4 d5 3. Nc3 Bb4 4. Nge2 Nf6 5. Bg5 dxe4 6. a3 Be7 7. Bxf6 Bxf6 8. Nxe4 Be7 9. g3 Nd7 10. Bg2 O-O 11. O-O $11 Nf6 12. c4 c6 13. Qc2 Qc7 14. Rac1 Rd8 15. Rfd1 b6 16. Nf4 Bb7 17. Ng5 Qc8 18. Bh3 Rd6 19. c5 bxc5 20. dxc5 Rxd1+ 21. Rxd1 Qc7 22. Nfxe6 Qa5 23. Nxf7 Kxf7 24. Ng5+ Kf8 25. Qb3 Nd5 26. Qxb7 Re8 27. Nxh7+ Kg8 28. Qxc6 Rd8 29. Rxd5 Qe1+ 30. Bf1 Rxd5 31. Qxd5+ Kxh7 32. Kg2 1-0

[Event "European School-ch 2019"]
[Site "Mamaia"]
[Date "2019.06.03"]
[Round "4.21"]
[White "Nemsadze, Daviti"]
[Black "Krawczyk, Flawian"]
[Result "1-0"]
[ECO "E97"]
[WhiteElo "1803"]
[BlackElo "1795"]
[Annotator "NA"]
[PlyCount "125"]
[EventDate "2019.05.31"]
[EventType "swiss"]
[EventCountry "ROU"]
[SourceTitle "playchess.com"]
[Source "ChessBase"]
[SourceQuality "1"]
[TimeControl "40/5400+30:1800+30"]

1. Nf3 Nf6 2. c4 g6 3. Nc3 Bg7 4. e4 d6 5. d4 O-O 6. Be2 e5 7. O-O Nc6 8. d5 Ne7 9. h3 Nh5 10. Ne1 Nf4 11. Nd3 Nxe2+ 12. Qxe2 f5 $11 13. f3 f4 14. c5 g5 15. Bd2 c6 16. cxd6 Qxd6 17. dxc6 bxc6 18. Nf2 c5 19. Rfd1 Ba6 20. Qe1 Qe6 21. Na4 Qc6 22. b3 Bb5 23. Nc3 Rfd8 24. Rac1 Rac8 25. Nxb5 Qxb5 26. Rc4 Rd4 27. Rdc1 Qd7 28. Ba5 Rxc4 29. Rxc4 Qd6 30. Qc3 Bf8 31. Nd3 Ng6 32. Kh2 h5 33. Nxc5 g4 34. Nd3 g3+ 35. Kh1 Rxc4 36. Qxc4+ Kh8 37. Bb4 Qd8 38. Bc3 Bg7 39. b4 Qd7 40. b5 Kh7 41. Kg1 Qb7 42. Qc6 Qf7 43. Nb4 Qe7 44. Qc4 Qd8 45. Nd5 Qb8 46. Qc6 Qf8 47. Bb4 Qd8 48. Qb7 Kh6 49. Qc6 Kh7 50. Qe6 Kh6 51. Kf1 Kh7 52. Ke2 Nh4 53. Kf1 Ng6 54. a4 Bf8 55. Bc3 Bg7 56. Qa6 Ne7 57. Qe6 Ng6 58. a5 Nh4 59. Qf7 Ng6 60. Qxa7 Kh6 61. Qc7 Qe8 62. Qc6 Qd8 63. b6 1-0

[Event "European School-ch 2019"]
[Site "Mamaia"]
[Date "2019.06.03"]
[Round "4.22"]
[White "Gusev, Mikhail"]
[Black "Sapocinic, Semion"]
[Result "0-1"]
[ECO "A46"]
[WhiteElo "1463"]
[BlackElo "1697"]
[Annotator "NA"]
[PlyCount "67"]
[EventDate "2019.05.31"]
[EventType "swiss"]
[EventCountry "ROU"]
[SourceTitle "playchess.com"]
[Source "ChessBase"]
[SourceQuality "1"]
[TimeControl "40/5400+30:1800+30"]

1. d4 Nf6 2. Nf3 e6 3. e3 b6 4. Bd3 Bb7 5. O-O Be7 6. c4 O-O 7. Nc3 d5 8. Ne5 c5 9. cxd5 cxd4 10. exd4 Nxd5 11. Re1 Nd7 12. Nxd5 Bxd5 13. Re3 Nxe5 14. dxe5 g6 15. b3 Bc5 16. Rh3 Bd4 17. Bxg6 Bxf2+ 18. Kxf2 fxg6+ 19. Kg1 Qc7 20. Ba3 Rf5 21. Bd6 Qb7 22. Qd2 Rc8 23. Rg3 Qc6 24. Be7 Qc2 25. Qe1 Qb2 26. Rb1 Qd4+ 27. Kh1 Rc2 28. Rc1 Qb2 29. Rxc2 Qxc2 30. h3 Rf2 31. Qg1 Qe2 32. Kh2 Rf1 33. Qd4 Qe1 34. Qd1 0-1

[Event "European School-ch 2019"]
[Site "Mamaia"]
[Date "2019.06.03"]
[Round "4.23"]
[White "Magold, Filip"]
[Black "Butolo, Alexandru-Mircea"]
[Result "0-1"]
[ECO "B35"]
[WhiteElo "1906"]
[BlackElo "1553"]
[Annotator "NA"]
[PlyCount "48"]
[EventDate "2019.05.31"]
[EventType "swiss"]
[EventCountry "ROU"]
[SourceTitle "playchess.com"]
[Source "ChessBase"]
[SourceQuality "1"]
[TimeControl "40/5400+30:1800+30"]

1. e4 c5 2. Nf3 g6 3. d4 cxd4 4. Nxd4 Bg7 5. Nc3 Nc6 6. Be3 Nf6 7. Bc4 O-O 8. Bb3 d5 9. exd5 Na5 10. O-O Nxb3 11. Nxb3 b6 12. d6 Bb7 13. dxe7 Qxe7 14. Bd4 Rad8 15. Qe2 Qc7 16. Rad1 (16. Rfe1 $11) 16... Rfe8 $15 17. Qb5 Ng4 18. g3 Bxd4 19. Rxd4 Ne5 20. Rxd8 Nf3+ 21. Kh1 Rxd8 22. Qb4 Nd2+ 23. Kg1 Qc6 24. f3 Nxf1 0-1

[Event "European School-ch 2019"]
[Site "Mamaia"]
[Date "2019.06.03"]
[Round "4.24"]
[White "Conon, Catalin"]
[Black "Cnejev, Vladimir-Alexandru"]
[Result "0-1"]
[ECO "D35"]
[WhiteElo "1533"]
[BlackElo "1970"]
[Annotator "NA"]
[PlyCount "56"]
[EventDate "2019.05.31"]
[EventType "swiss"]
[EventCountry "ROU"]
[SourceTitle "playchess.com"]
[Source "ChessBase"]
[SourceQuality "1"]
[TimeControl "40/5400+30:1800+30"]

1. d4 d5 2. c4 e6 3. cxd5 exd5 4. Nc3 Nf6 5. Bg5 c6 6. e3 Bf5 7. Bd3 Bxd3 8. Qxd3 Nbd7 9. Nf3 Be7 10. O-O O-O 11. Rab1 Ne4 $11 12. Bxe7 Qxe7 13. Nd2 Rfe8 14. Ncxe4 dxe4 15. Qe2 Nf6 16. f3 Rad8 17. f4 Nd5 18. Nc4 c5 19. Rbd1 Kh8 20. Rfe1 cxd4 21. exd4 Nxf4 22. Qg4 Nd5 23. Re2 Nf6 24. Qg3 Qe6 25. Qb3 Kg8 26. h3 Re7 27. Ne5 Qxb3 28. axb3 Rxe5 0-1

[Event "European School-ch 2019"]
[Site "Mamaia"]
[Date "2019.06.03"]
[Round "4.25"]
[White "Kotelnikov, Konstantin"]
[Black "Kolesov, Gordey"]
[Result "1/2-1/2"]
[ECO "C51"]
[WhiteElo "1546"]
[BlackElo "1745"]
[Annotator "NA"]
[PlyCount "75"]
[EventDate "2019.05.31"]
[EventType "swiss"]
[EventCountry "ROU"]
[SourceTitle "playchess.com"]
[Source "ChessBase"]
[SourceQuality "1"]
[TimeControl "40/5400+30:1800+30"]

1. e4 e5 2. Nf3 Nc6 3. Bc4 Bc5 4. b4 Bxb4 5. c3 Be7 6. d4 Na5 7. Nxe5 Nxc4 8. Nxc4 d5 9. exd5 Qxd5 10. Ne3 Qd8 11. O-O Nf6 12. c4 O-O 13. Nc3 c6 14. Bb2 Re8 15. Qd3 Qc7 16. Rad1 Ng4 17. Nxg4 Bxg4 18. f3 Bh5 19. Ne4 Bg6 20. Qc3 Bf8 21. Rfe1 Rad8 22. d5 cxd5 23. cxd5 Qxc3 24. Bxc3 Bxe4 25. fxe4 Rc8 26. Rd3 Rxc3 27. Rxc3 Bb4 28. Rce3 Bxe1 29. Rxe1 f6 30. Kf2 Kf8 31. Kf3 Rc8 32. Re2 Ke7 33. Kf4 Rc4 34. g4 g6 35. h4 Rc1 36. Rf2 Rh1 37. Kg3 Re1 38. Kf4 1/2-1/2

[Event "European School-ch 2019"]
[Site "Mamaia"]
[Date "2019.06.03"]
[Round "4.26"]
[White "Kotolashvili, Davit"]
[Black "Ciocani, Iosif"]
[Result "1/2-1/2"]
[ECO "B31"]
[WhiteElo "1374"]
[BlackElo "1740"]
[Annotator "NA RC"]
[PlyCount "105"]
[EventDate "2019.05.31"]
[EventType "swiss"]
[EventCountry "ROU"]
[SourceTitle "playchess.com"]
[Source "ChessBase"]
[SourceQuality "1"]
[TimeControl "40/5400+30:1800+30"]

1. e4 c5 2. Nf3 Nc6 3. Bb5 g6 4. O-O Bg7 5. c3 Nf6 6. Re1 O-O 7. d4 cxd4 8. cxd4 a6 9. Bf1 d5 10. e5 Ne4 11. Nc3 Nxc3 12. bxc3 Na5 13. Nd2 Qc7 14. Qf3 Be6 15. Nb3 Nxb3 16. axb3 b5 17. Ba3 Rfe8 18. Bc5 Red8 19. Bd3 Bc8 20. c4 bxc4 21. bxc4 Bb7 22. Rab1 Qd7 23. Rb6 Bc6 24. Bxe7 Qxe7 25. Rxc6 dxc4 26. Rxc4 a5 27. Ra4 Qc7 28. Rb1 Rdb8 29. Rxb8+ Rxb8 30. g3 Bf8 31. Qe4 Bb4 32. Ra2 Re8 33. Bb5 Rd8 34. d5 Qc5 35. Bc6 Bc3 36. Rc2 Qb4 37. Qxb4 axb4 38. f4 Bd4+ 39. Kf1 b3 40. Rc1 b2 41. Rb1 f6 42. e6 Kf8 43. Ke2 f5 44. Kd3 Bf6 45. Kc4 Ke7 46. Kc5 Rd6 47. Rd1 h6 48. h4 Bg7 49. Kb6 Bd4+ 50. Kb5 Rd8 51. Kc4 Rb8 52. Rb1 Bg7 53. Kc5 1/2-1/2

[Event "European School-ch 2019"]
[Site "Mamaia"]
[Date "2019.06.03"]
[Round "4.27"]
[White "Zhelev, Nikolay"]
[Black "Monga, Kanav"]
[Result "1-0"]
[ECO "B23"]
[WhiteElo "1710"]
[BlackElo "1416"]
[Annotator "NA"]
[PlyCount "49"]
[EventDate "2019.05.31"]
[EventType "swiss"]
[EventCountry "ROU"]
[SourceTitle "playchess.com"]
[Source "ChessBase"]
[SourceQuality "1"]
[TimeControl "40/5400+30:1800+30"]

1. e4 c5 2. Nc3 e6 3. Nf3 a6 4. g3 Nc6 5. Bg2 Qc7 6. O-O Nf6 7. d3 Be7 8. Ng5 h6 9. Nh3 O-O 10. f4 d6 11. Nf2 e5 12. f5 Rd8 13. Ng4 Ne8 14. Nd5 Qd7 15. Nb6 Qc7 16. Nxa8 Qd7 17. Nb6 Qc7 18. Nd5 Qd7 19. f6 Bxf6 20. Ngxf6+ Nxf6 21. Rxf6 Ne7 22. Nxe7+ Qxe7 23. Rf2 b5 24. Qh5 Rf8 25. Bh3 1-0

[Event "European School-ch 2019"]
[Site "Mamaia"]
[Date "2019.06.03"]
[Round "4.28"]
[White "Zheng, Harry Z"]
[Black "Tutunculer, Cagan"]
[Result "0-1"]
[ECO "B76"]
[WhiteElo "1653"]
[BlackElo "1193"]
[Annotator "NA"]
[PlyCount "106"]
[EventDate "2019.05.31"]
[EventType "swiss"]
[EventCountry "ROU"]
[SourceTitle "playchess.com"]
[Source "ChessBase"]
[SourceQuality "1"]
[TimeControl "40/5400+30:1800+30"]

1. e4 c5 2. Nf3 d6 3. d4 cxd4 4. Nxd4 Nf6 5. Nc3 g6 6. Be3 Bg7 7. f3 O-O 8. Qd2 Nc6 9. O-O-O d5 10. exd5 Nxd5 11. Nxc6 bxc6 12. Bd4 Bxd4 13. Qxd4 Qb6 14. Na4 Qc7 15. Nc5 Nf4 16. g3 Ne6 17. Qc3 Nxc5 18. Qxc5 Be6 19. a3 Rfd8 20. Bg2 Rd6 21. f4 Rc8 22. Rxd6 exd6 23. Qc3 Qb6 24. Rf1 d5 25. Qd2 d4 26. Rd1 c5 27. h3 Rb8 28. c3 Qb3 29. Qc2 Qxc2+ 30. Kxc2 Bb3+ 31. Kc1 Bxd1 32. Kxd1 Rxb2 33. Be4 dxc3 34. Kc1 Ra2 35. g4 Rxa3 36. Kc2 Ra4 37. Bd3 Rxf4 38. Kxc3 Kg7 39. Be2 Kf6 40. Kd2 Rf2 41. Ke3 Rxe2+ 42. Kxe2 Kg5 43. Kd3 Kh4 44. Kc4 Kxh3 45. g5 Kg4 46. Kxc5 Kxg5 47. Kd6 h5 48. Ke7 h4 49. Kf8 h3 50. Kg8 h2 51. Kg7 h1=Q 52. Kg8 Kf6 53. Kf8 Qh8# 0-1

[Event "European School-ch 2019"]
[Site "Mamaia"]
[Date "2019.06.03"]
[Round "4.29"]
[White "Karimli, Yusif"]
[Black "Utlu, Mustafa Ali"]
[Result "1-0"]
[ECO "A48"]
[WhiteElo "1470"]
[BlackElo "1148"]
[Annotator "NA"]
[PlyCount "93"]
[EventDate "2019.05.31"]
[EventType "swiss"]
[EventCountry "ROU"]
[SourceTitle "playchess.com"]
[Source "ChessBase"]
[SourceQuality "1"]
[TimeControl "40/5400+30:1800+30"]

1. d4 Nf6 2. Nf3 g6 3. e3 Bg7 4. Be2 O-O 5. O-O d5 6. b3 c5 7. Bb2 Nc6 8. Nbd2 cxd4 9. exd4 Nh5 10. Ne5 Nf4 11. Bf3 g5 12. Nxc6 bxc6 13. g3 Ng6 14. Re1 f5 15. Bg2 g4 16. f3 f4 17. fxg4 fxg3 18. hxg3 Qd6 19. Nf1 Ba6 20. Re3 e5 21. c4 e4 22. cxd5 cxd5 23. g5 h6 24. Qh5 Ne7 25. gxh6 Bxh6 26. Rc3 Rf5 27. Qg4+ Rg5 28. Qf4 Qb6 29. Rc5 Bxf1 30. Rxf1 Rf8 31. Qc7 Rxf1+ 32. Bxf1 Qxc7 33. Rxc7 Rxg3+ 34. Kf2 Nf5 35. Rd7 Rf3+ 36. Ke1 Ng3 37. Bb5 e3 38. Rxd5 Rf2 39. Rd8+ Kg7 40. Rd7+ Kf6 41. Rd6+ Kg5 42. Bc1 Rxa2 43. Bxe3+ Kg4 44. Rxh6 Kf3 45. Bc1 Ne4 46. Rh3+ Kg4 47. Re3 1-0

[Event "European School-ch 2019"]
[Site "Mamaia"]
[Date "2019.06.03"]
[Round "4.30"]
[White "Durucay, Uygar"]
[Black "Yasmo, Daniil"]
[Result "1-0"]
[ECO "D00"]
[WhiteElo "1575"]
[BlackElo "1424"]
[Annotator "NA"]
[PlyCount "64"]
[EventDate "2019.05.31"]
[EventType "swiss"]
[EventCountry "ROU"]
[SourceTitle "playchess.com"]
[Source "ChessBase"]
[SourceQuality "1"]
[TimeControl "40/5400+30:1800+30"]

1. d4 d5 2. Bf4 Nf6 3. e3 e6 4. Nf3 Bd6 5. Bg3 O-O 6. Bd3 b6 7. O-O Bb7 8. Nbd2 c5 9. c3 Nc6 10. Ne5 Qc7 11. f4 Ne7 12. Qb1 Ng6 13. Rf3 Qe7 14. Be1 Rac8 15. Rh3 Bxe5 16. fxe5 Ne8 17. Qd1 Qg5 18. Bxg6 fxg6 19. Bh4 Qf5 20. Qe2 Nc7 21. Be7 Rfe8 22. Rf1 Qc2 23. Bd6 Qa4 24. Qf2 Qd7 25. Rf3 h6 26. Rf7 Qd8 27. Qg3 Kh7 28. R1f6 g5 29. Qh3 Kg8 30. Rxg7+ Kxg7 31. Qxh6+ Kg8 32. Rg6+ Kf7 1-0

[Event "European School-ch 2019"]
[Site "Mamaia"]
[Date "2019.06.03"]
[Round "4.31"]
[White "Anghelescu, Teodor-Stefan"]
[Black "Qalabegashvili, Data"]
[Result "1-0"]
[ECO "A45"]
[WhiteElo "1266"]
[BlackElo "1309"]
[Annotator "NA"]
[PlyCount "105"]
[EventDate "2019.05.31"]
[EventType "swiss"]
[EventCountry "ROU"]
[SourceTitle "playchess.com"]
[Source "ChessBase"]
[SourceQuality "1"]
[TimeControl "40/5400+30:1800+30"]

1. d4 Nf6 2. Bf4 g6 3. e3 Bg7 4. Bd3 d6 5. h4 Nbd7 6. Nd2 e5 7. Bg3 exd4 8. exd4 Nh5 9. c3 Nxg3 10. fxg3 Nf6 11. Qf3 O-O 12. Ne2 Re8 13. Rf1 Bg4 14. Qf4 Qe7 15. Nf3 Qe3 16. Qxe3 Rxe3 17. Kd2 Rae8 18. Rae1 Bh6 19. Nf4 Rxe1 20. Nxe1 Ne4+ 21. Bxe4 Rxe4 22. Rf2 c6 23. Ned3 Kg7 24. a4 b5 25. axb5 cxb5 26. Nb4 g5 27. hxg5 Bxg5 28. Nbd5 h5 29. Ne3 f5 30. Kd3 a5 31. Nxh5+ Kh6 32. Nf4 b4 33. Nxg4+ Kh7 34. Ne3 bxc3 35. bxc3 Re8 36. Re2 Ra8 37. Nc4 Bd8 38. Nxd6 a4 39. Nc4 a3 40. Ra2 Be7 41. Nd5 Bf8 42. Nc7 Ra4 43. Nb5 Kg6 44. d5 Kf6 45. Nb6 Rg4 46. Nd7+ Ke7 47. Nxf8 Kxf8 48. Rxa3 Rxg3+ 49. Kd4 Rxg2 50. Ke5 Rf2 51. Kf6 Ke8 52. Nd6+ Kd7 53. Nxf5 1-0